Map: Neon Violet Square LE

Players

Isszul - Winner!

  • Race: Zerg Zerg
  • League: Diamond
  • Spawn Location: 5:00

Losting

  • Race: Protoss Protoss
  • League: Diamond
  • Spawn Location: 11:00

VOD

Have the link to the VOD?

Description

Time

  • Played on: Nov. 23, 2017, 12:42 p.m.
  • Length: 19:52
Show
View Real Time Build Order
Export as new Build Order

Isszul Zerg - Winner!

Build Orders: Hatch First 

Get SALT Encoding   

  12  0:05  Drone  
  13  0:13  Overlord  
  13  0:18  Drone  
  14  0:31  Drone x2  
  16  0:37  Drone  
  17  0:54  Hatchery  
  16  1:01  Drone  
  16  1:02  Drone  
  18  1:15  Extractor  
  18  1:17  Spawning Pool  
  16  1:18  Drone  
  16  1:22  Drone  
  18  1:31  Drone  
  19  1:42  Overlord  
  19  1:52  Drone  
  20  2:04  Drone  
  20  2:06  Queen  
  23  2:15  Drone  
  24  2:17  Drone  
  24  2:21  Hatchery  
  24  2:27  Metabolic Boost  
  24  2:29  Zergling x2  
  25  2:34  Drone  
  26  2:40  Drone x2  
  28  2:45  Zergling x2  
  28  2:49  Drone x2  
  31  2:57  Queen  
  33  3:00  Queen  
  33  3:03  Drone  
  36  3:09  Spore Crawler  
  36  3:10  Drone  
  36  3:13  Overlord  
  36  3:19  Overlord  
  36  3:30  Overlord  
  36  3:33  Drone x5  
  41  3:40  Drone, Spore Crawler  
  41  3:48  Drone x2  
  43  3:50  Drone  
  43  3:51  Drone x3  
  46  3:58  Drone x2  
  48  4:03  Extractor  
  48  4:05  Queen x2  
  48  4:07  Drone  
  52  4:29  Spore Crawler  
  52  4:30  Drone x3  
  52  4:31  Drone x3  
  55  4:33  Overlord  
  55  4:34  Overlord x3  
  55  4:38  Baneling Nest  
  56  4:41  Evolution Chamber  
  55  4:48  Lair  
  55  4:53  Drone x2  
  55  4:54  Drone  
  55  4:56  Drone  
  55  4:57  Drone  
  60  5:00  Hatchery  
  60  5:05  Drone x3, Extractor  
  60  5:06  Extractor  
  60  5:07  Extractor  
  60  5:09  Zergling x2  
  60  5:10  Zergling x4  
  60  5:11  Spine Crawler  
  61  5:20  Drone x2  
  61  5:21  Drone  
  64  5:22  Drone  
  64  5:23  Drone  
  64  5:28  Drone x7  
  73  5:37  Drone  
  73  5:38  Drone x2  
  76  5:54  Drone  
  76  5:55  Drone x2, Infestation Pit  
  79  5:57  Drone x9  
  79  5:58  Hydralisk Den  
  79  6:02  Extractor  
  79  6:03  Overlord x2  
  85  6:05  Baneling x4  
  85  6:06  Zergling x6, Baneling x2  
  85  6:10  Zerg Melee Weapons Level 1  
  88  6:13  Evolution Chamber  
  87  6:22  Pneumatized Carapace  
  87  6:24  Spore Crawler  
  86  6:26  Spore Crawler  
  86  6:28  Spine Crawler  
  86  6:30  Drone x3  
  87  6:35  Drone x5  
  87  6:36  Drone x5  
  87  6:37  Hydralisk  
  87  6:38  Hydralisk  
  101  6:40  Pathogen Glands  
  101  6:42  Zergling x4  
  101  6:43  Zergling x6  
  106  6:57  Hydralisk x3  
  106  6:58  Extractor  
  106  6:59  Overlord x5  
  111  7:02  Zerg Ground Armor Level 1  
  111  7:12  Extractor  
  111  7:13  Overlord x4  
  110  7:23  Overseer  
  110  7:24  Overlord x3  
  110  7:25  Hydralisk x4, Drone  
  119  7:32  Hydralisk x4  
  127  7:52  Hydralisk x7  
  141  7:58  Burrow  
  141  8:05  Drone  
  141  8:06  Drone x5  
  141  8:07  Drone, Overlord x3  
  141  8:09  Neural Parasite  
  141  8:10  Hydralisk  
  150  8:16  Queen x3  
  150  8:17  Overlord x3  
  156  8:28  Hydralisk x2, Spire  
  156  8:29  Hydralisk  
  161  8:43  Muscular Augments  
  161  8:51  Queen  
  161  8:53  Zerg Melee Weapons Level 2  
  163  8:55  Infestor  
  163  8:56  Infestor  
  163  8:58  Zergling x32  
  163  8:59  Zergling x2  
  184  9:10  Queen x2  
  184  9:11  Queen  
  190  9:18  Zerg Ground Armor Level 2  
  190  9:24  Infestor x2  
  190  9:27  Queen  
  196  9:31  Hatchery  
  195  9:42  Infestor x2  
  199  9:56  Zerg Flyer Armor Level 1  
  199  10:43  Hatchery  
  199  10:45  Spore Crawler  
  197  10:56  Corruptor  
  199  11:06  Spore Crawler  
  199  11:07  Spore Crawler x2  
  199  11:08  Spore Crawler  
  199  11:09  Zerg Missile Weapons Level 1, Spore Crawler  
  191  11:11  Overseer  
  191  11:12  Overseer x4  
  191  11:16  Spore Crawler  
  190  11:23  Spore Crawler  
  190  11:25  Corruptor x3  
  189  11:26  Corruptor x2  
  190  11:46  Hydralisk x4  
  187  11:47  Corruptor x3  
  187  11:48  Corruptor x5  
  197  11:56  Corruptor  
  199  12:32  Hive  
  181  13:40  Hydralisk x3  
  181  13:41  Hydralisk x5  
  175  13:42  Corruptor x5  
  175  13:43  Corruptor x2  
  187  13:58  Greater Spire  
  183  14:12  Hydralisk x7  
  183  14:13  Hydralisk  
  183  14:15  Zergling x2  
  183  14:16  Zerg Ground Armor Level 3, Zerg Melee Weapons Level 3  
  198  14:30  Infestor x2  
  198  14:31  Infestor x2  
  194  14:44  Hydralisk  
  194  14:45  Hydralisk x4  
  196  14:52  Corruptor x13  
  179  15:05  Zergling x6  
  179  15:06  Zergling x22  
  167  15:23  Corruptor x2  
  167  15:24  Brood Lord x10  
  167  15:26  Zergling x12  
  179  15:33  Brood Lord x2  
  179  15:34  Hydralisk  
  174  15:46  Zergling x18  
  172  15:57  Corruptor x4  
  179  16:06  Hydralisk x4  
  175  16:25  Hydralisk  
  175  16:26  Hydralisk x8  
  192  16:36  Infestor  
  194  16:41  Hydralisk x2  
  198  16:53  Zerg Missile Weapons Level 2  
  198  17:08  Overlord  
  198  17:10  Adrenal Glands  
  198  17:13  Ultralisk Cavern  
  194  18:25  Hydralisk x2  
  194  19:35  Extractor x2  
Show
View Real Time Build Order
Export as new Build Order

Losting Protoss 

Build Orders: 1 Gate Expand, Phoenix Opening 

Get SALT Encoding   

  12  0:01  Probe  
  13  0:13  Probe  
  14  0:22  Pylon  
  14  0:25  Probe  
  15  0:40  Probe  
  15  0:42  Gateway  
  16  0:48  Assimilator  
  16  0:52  Probe  
  17  1:05  Probe (Chrono Boost)  
  18  1:17  Probe (Chrono Boost)  
  19  1:20  Probe (Chrono Boost)  
  20  1:26  Nexus  
  20  1:32  Probe  
  21  1:39  Cybernetics Core  
  21  1:44  Probe  
  22  1:51  Pylon  
  22  1:56  Assimilator  
  22  1:58  Probe  
  23  2:10  Probe (Chrono Boost)  
  24  2:22  Probe (Chrono Boost)  
  26  2:30  Probe (Chrono Boost)  
  26  2:34  Adept  
  26  2:36  Warp Gate  
  28  2:39  Probe (Chrono Boost)  
  28  2:40  Probe (Chrono Boost)  
  32  2:51  Probe x2 (Chrono Boost)  
  32  2:53  Probe  
  32  2:54  Probe  
  34  2:59  Stargate  
  34  3:02  Pylon, Sentry  
  36  3:10  Pylon  
  35  3:15  Shield Battery  
  35  3:18  Probe (Chrono Boost)  
  38  3:28  Stalker, Probe (Chrono Boost)  
  38  3:29  Probe (Chrono Boost)  
  38  3:30  Probe  
  38  3:32  Probe  
  42  3:35  Assimilator  
  42  3:39  Assimilator  
  42  3:42  Phoenix, Probe  
  42  3:44  Probe  
  46  3:54  Probe  
  47  3:56  Probe  
  48  4:06  Probe  
  48  4:08  Probe  
  50  4:18  Probe  
  50  4:19  Fleet Beacon  
  50  4:20  Probe  
  52  4:24  Stargate  
  52  4:25  Pylon  
  52  4:36  Nexus  
  52  4:45  Probe x2  
  54  4:51  Forge  
  54  4:58  Pylon  
  54  5:04  Probe  
  56  5:07  Graviton Catapult  
  56  5:09  Mothership (Chrono Boost)  
  63  5:16  Assimilator, Probe  
  63  5:19  Assimilator  
  63  5:21  Pylon x2  
  64  5:27  Pylon  
  64  5:34  Carrier (Chrono Boost)  
  70  5:40  Pylon  
  71  5:50  Probe (Chrono Boost)  
  71  5:53  Carrier (Chrono Boost)  
  79  6:01  Probe (Chrono Boost)  
  80  6:05  Probe x2 (Chrono Boost)  
  80  6:06  Probe  
  80  6:09  Probe  
  82  6:14  Robotics Facility  
  82  6:18  Pylon, Probe  
  83  6:26  Protoss Air Weapons Level 1  
  83  6:35  Probe x2  
  85  6:41  Photon Cannon  
  85  6:45  Shield Battery, Probe  
  86  6:50  Carrier (Chrono Boost)  
  92  7:03  Observer  
  92  7:07  Stargate  
  92  7:08  Carrier (Chrono Boost)  
  99  7:13  Gateway  
  99  7:15  Gateway  
  99  7:16  Pylon  
  99  7:21  Gateway  
  99  7:22  Gateway  
  99  7:24  Gateway  
  99  7:25  Pylon  
  99  7:49  Gateway  
  99  7:50  Photon Cannon  
  99  7:53  Photon Cannon  
  99  7:55  Photon Cannon  
  99  7:56  Shield Battery, Carrier  
  105  8:00  Protoss Shields Level 1  
  105  8:03  Twilight Council  
  105  8:27  Nexus  
  105  8:29  Assimilator, Probe  
  105  8:30  Probe x2  
  105  8:33  Assimilator  
  108  8:36  Pylon  
  108  8:39  Pylon  
  108  8:40  Robotics Bay  
  108  8:41  Robotics Facility  
  108  8:42  Pylon  
  108  8:54  Charge  
  108  8:59  Templar Archives  
  108  9:13  Probe  
  108  9:14  Probe x2  
  108  9:15  Gateway  
  111  9:19  Gateway  
  111  9:22  Photon Cannon, Gateway  
  111  9:25  Gateway  
  111  9:35  Pylon, Photon Cannon  
  111  9:41  Shield Battery  
  111  9:44  Shield Battery  
  111  9:45  Photon Cannon  
  111  9:46  Extended Thermal Lance  
  111  9:50  Protoss Air Weapons Level 2 (Chrono Boost)  
  111  9:58  Probe x3  
  114  10:07  Shield Battery  
  114  10:08  Shield Battery, Photon Cannon  
  114  10:10  Protoss Ground Weapons Level 1 (Chrono Boost)  
  114  10:14  Gateway  
  114  10:26  Carrier  
  114  10:27  Forge  
  120  10:30  High Templar x5  
  120  10:31  High Templar x2  
  120  10:32  High Templar  
  120  10:33  High Templar  
  120  10:34  High Templar  
  140  10:36  Archon x3  
  140  10:37  Archon  
  140  10:40  Archon  
  140  10:43  Probe x3  
  143  10:58  Nexus  
  143  10:59  Protoss Shields Level 2 (Chrono Boost)  
  143  11:04  Carrier  
  149  11:15  Assimilator  
  149  11:19  Assimilator  
  149  11:22  Pylon  
  149  11:23  High Templar x3  
  149  11:24  High Templar x4  
  149  11:25  High Templar, Pylon  
  165  11:27  Archon  
  165  11:28  Archon x3  
  165  11:31  Observer x2  
  165  12:06  Photon Cannon  
  165  12:08  Photon Cannon, Colossus x2  
  165  12:09  Carrier  
  183  12:17  Carrier  
  183  12:19  Probe x4  
  183  12:20  Probe  
  194  12:26  Protoss Air Weapons Level 3  
  188  12:52  Gateway  
  188  12:53  Photon Cannon  
  188  12:56  Shield Battery  
  188  12:57  Photon Cannon  
  188  13:01  Shield Battery  
  188  13:04  Photon Cannon  
  188  13:11  Blink  
  188  13:16  Colossus x2  
  172  13:40  Zealot  
  172  13:41  Zealot x6  
  145  13:42  Zealot x2  
  145  13:43  Zealot  
  145  13:44  Zealot  
  113  14:03  Protoss Ground Weapons Level 2 (Chrono Boost)  
  113  14:08  Forge  
  107  14:10  High Templar, Immortal x2  
  107  14:11  High Templar x5  
  107  14:12  High Templar x5  
  107  14:16  Archon x4  
  107  14:17  Archon  
  137  14:19  High Templar  
  133  14:25  Archon  
  127  14:40  Probe x4  
  127  14:41  Probe  
  132  14:50  Observer x2  
  132  14:51  Stalker  
  132  14:52  Stalker  
  138  14:53  Stalker x3  
  138  14:54  Stalker x3  
  138  14:58  Stalker x4  
  110  15:18  Observer x2  
  98  15:26  Mothership  
  103  15:30  Zealot x6  
  113  15:39  Observer x2  
  91  15:53  High Templar x2  
  91  15:54  High Templar x2  
  86  15:57  Archon  
  86  15:58  Archon  
  86  15:59  Zealot x3  
  86  16:00  Zealot x4  
  86  16:01  Zealot  
  102  16:10  Void Ray  
  104  16:13  High Templar  
  98  16:21  High Templar  
  98  16:23  High Templar  
  98  16:24  High Templar, Zealot x2  
  98  16:25  Zealot x2  
  104  16:27  Archon  
  104  16:29  Archon  
  86  16:48  Cybernetics Core  
  86  16:49  High Templar x2  
  86  16:50  High Templar x2  
  86  16:51  Zealot x2  
  86  16:52  Zealot  
  86  16:53  Archon  
  98  16:54  Archon  
Tags
 
Add a new tag
Caveats
  • Supply blocks, unpowered buildings, or Contaminate may cause inaccurate times.
  • Supply counts are checked every 10 seconds.